 Dungeon Crawl Stone Soup version 0.26.1-10-gdfb7c7de75 (webtiles) character file.

Game seed: 13206227959667770313

683 infcreate the Sneak (level 7, -9/39 HPs)
             Began as a Vampire Enchanter on Apr 11, 2021.
             Was an Initiate of Dithmenos.
             Mangled by a troll (14 damage)
             ... on level 4 of the Dungeon.
             The game lasted 00:20:16 (6401 turns).

infcreate the Sneak (Vampire Enchanter)             Turns: 6401, Time: 00:20:18

Health: -9/39      AC:  3    Str:  7    XL:     7   Next: 35%
Magic:  3/11       EV: 15    Int: 17    God:    Dithmenos [......]
Gold:   232        SH:  0    Dex: 17    Spells: 0/12 levels left

rFire    . . .     SeeInvis +   a - +1 dagger
rCold    + + .     Faith    .   (no shield)
rNeg     + + +     Spirit   .   b - +0 robe
rPois    ∞         Reflect  .   (no helmet)
rElec    .         Harm     .   (no cloak)
rCorr    .         Rampage  .   m - +0 pair of gloves
Will     .....                  (no boots)
Stlth    ++++++....             (no amulet)
HPRegen  0.00/turn              (no ring)
MPRegen  0.12/turn              (no ring)

@: bloodless
A: fangs 3, see invisible, unbreathing
a: Bat Form, Revivify, Renounce Religion


You were on level 4 of the Dungeon.
You worshipped Dithmenos.
Dithmenos was noncommittal.
You visited 2 branches of the dungeon, and saw 6 of its levels.

You collected 232 gold pieces.


Innate Abilities, Weirdness & Mutations

You do not regenerate when monsters are visible.
You are frail without blood (-20% HP).
You can heal yourself when you bite living creatures.
You are immune to poison.
You have razor-sharp teeth.
You have supernaturally acute eyesight. (SInv)
You can survive without breathing.


   Skills:
 + Level 1.9 Fighting
 * Level 4.0 Short Blades
 * Level 4.5 Dodging
 * Level 7.0 Stealth
 + Level 3.0 Spellcasting
 * Level 6.8 Hexes


You couldn't memorise any spells.
You knew the following spells:

 Your Spells              Type           Power        Failure   Level
c - Corona                Hex            27%          1%          1
d - Tukima's Dance        Hex            25%          3%          3
e - Ensorcelled Hibernat  Hex/Ice        28%          6%          2
f - Dazzling Flash        Conj/Hex       28%          13%         3
t - Confusing Touch       Hex            25%          3%          3

Your spell library contained the following spells:

 Spells                   Type           Power        Failure   Level


Inventory:

Hand Weapons
 a - a +1 dagger (weapon)
Missiles
 t - 3 throwing nets {=f}
Armour
 b - a +0 robe (worn)
 m - a +0 pair of gloves (worn)
Scrolls
 c - 2 scrolls of magic mapping {unknown}
 e - 3 scrolls of identify {@r1}
 f - a scroll of fog {unknown}
 g - 5 scrolls of fear
 h - 2 scrolls of immolation
 k - 3 scrolls of remove curse {@r2}
 n - a scroll of enchant weapon {unknown}
Potions
 d - 4 potions of heal wounds {@q2}
 i - 3 potions of flight
 l - a potion of curing {unknown}
 o - a potion of might {unknown}
 p - a potion of magic {unknown}
 q - a potion of resistance {unknown}
 s - 2 potions of haste {unknown}
 u - a potion of brilliance {unknown}

Dungeon Overview and Level Annotations

Branches:
Dungeon (5/15)             Temple (1/1) D:4

Altars:
Cheibriados
Dithmenos
Fedhas
Gozag
Hepliaklqana
Kikubaaqudgha
Nemelex Xobeh
Okawaru
Qazlal
Ru
Sif Muna
Uskayaw
Vehumet
Wu Jian
The Shining One

....# #.# #...# #.......#
....###.# ###.######.......#
........####### #..............#
..............# ###............#
.....##T......# #.......######
......#..T....# #.......# #.
####..####.#### #######.# #.
####..####.###############.#####.
...............T@................
#####..###.###############.#.###.
### ##.###.# #.#.# #. ..# #..##.#
#.#.# ## ..#####.##.### #.#.####
<............# #.#(##..
#######..#.#.# #.#.##..
.(.........#.# ########.#..+..
########.#.#.# #.....##)####..


You could see a troll (confused).


Message History

Your hands begin to glow red.
You hit the troll but do no damage.
The troll appears confused.
You hit the troll but do no damage. The troll misses you.
The troll claws you but does no damage. The troll barely misses you.
You hit the troll but do no damage. You hit the troll but do no damage.
You hit the troll.
The troll is lightly wounded.
The troll bites you. The troll claws you! The troll barely misses you.
You hit the troll but do no damage. You bite the troll.
You draw the troll's blood!
You feel better.
The troll is lightly wounded.
The troll closely misses you. The troll misses you. The troll claws you!
You catch the helpless troll completely off-guard!
You bite the troll, and draw its blood!
You feel better.
You impale the troll!! You bite the troll.
The troll is heavily wounded.
The troll bites you. The troll completely misses you. The troll claws you!
* * * LOW HITPOINT WARNING * * *
You hit the troll.
The troll is heavily wounded.
You hit the troll but do no damage.
The troll is heavily wounded.
You hit the troll but do no damage. You bite the troll, but do no damage.
The troll is heavily wounded.
The troll says, "I'm a little confused."
The troll closely misses you. The troll claws you!
* * * LOW HITPOINT WARNING * * *
The troll claws you!
You die...

Skill      XL: |  1  2  3  4  5  6  7 |
---------------+----------------------+-----
Stealth        | 5 6 7 |  7.0
Dodging        | 3 4 |  4.5
Short Blades   | 2 3 4 |  4.0
Hexes          | 5 6 |  6.8
Fighting       | 1 |  1.9
Spellcasting   | 3 |  3.0

Action                   |  1- 3 |  4- 6 |  7- 9 || total
-------------------------+-------+-------+-------++-------
Melee: Dagger            |    75 |   177 |    54 ||   306
       Bite              |     4 |    13 |     9 ||    26
 Cast: Corona            |    19 |    10 |     1 ||    30
       Ensorcelled Hiber |     7 |    39 |     8 ||    54
       Confusing Touch   |       |    18 |     6 ||    24
 Abil: Exsanguinate      |     1 |       |       ||     1
  Use: Scroll            |     2 |     5 |       ||     7
 Stab: Sleeping          |    24 |    31 |       ||    55
       Confused          |       |    13 |     7 ||    20
Armor: Robe              |    21 |    30 |     6 ||    57
Dodge: Dodged            |    40 |   114 |    30 ||   184

Levels and vault maps discovered:
D:1:      wheals_arrival_shading, layout_basic, hangedman_decor_points,
          minmay_misc_feat_diagonals
D:2:      layout_loops_ring, chequers_ecumenical_altar_simple, uniq_jessica
D:3:      layout_rooms, lemuel_round_altar, nicolae_tso_swordbearing_angel
D:4:      layout_basic, lemuel_doored_altar, minmay_temple_entry_fiery,
          serial_bayou_crossing
D:5:      minmay_angry_zag, layout_loops_cross, lemuel_coloured_pillars_altar,
          basic_altar, st_stairs_2
Temple:   cyrus_circular_temple

Notes
Turn   | Place    | Note
-------+----------+-------------------------------------------
     0 | D:1      | infcreate the Vampire Enchanter began the quest for the
                  | Orb.
     0 | D:1      | Reached XP level 1. HP: 13/13 MP: 3/3
   605 | D:1      | Reached XP level 2. HP: 15/15 MP: 5/5
   608 | D:1      | Learned a level 2 spell: Ensorcelled Hibernation
   904 | D:2      | Found a faded altar of an unknown god.
  1036 | D:2      | Reached XP level 3. HP: 20/20 MP: 6/6
  1349 | D:2      | Reached skill level 5 in Stealth
  1519 | D:2      | Learned a level 3 spell: Confusing Touch
  1730 | D:2      | Reached skill level 3 in Dodging
  1797 | D:2      | Noticed Jessica
  1801 | D:2      | Killed Jessica
  1802 | D:2      | Reached skill level 2 in Short Blades
  1802 | D:2      | Reached skill level 5 in Hexes
  1802 | D:2      | Reached XP level 4. HP: 24/24 MP: 7/7
  2289 | D:3      | Reached skill level 1 in Fighting
  2761 | D:2      | Reached XP level 5. HP: 7/29 MP: 4/8
  3793 | D:3      | Found a glowing golden altar of the Shining One.
  3906 | D:3      | Found a sparkling altar of Nemelex Xobeh.
  4298 | D:4      | Found a staircase to the Ecumenical Temple.
  4309 | Temple   | Entered the Ecumenical Temple
  4342 | Temple   | Became a worshipper of Dithmenos the Shadowed
  4376 | D:4      | Found an ornate altar of the Wu Jian Council.
  4490 | D:4      | Noticed an ogre
  4608 | D:4      | Reached skill level 3 in Short Blades
  4608 | D:4      | Reached skill level 6 in Stealth
  4639 | D:4      | Reached XP level 6. HP: 34/34 MP: 1/9
  4755 | D:4      | Noticed a troll
  4871 | D:4      | Reached skill level 6 in Hexes
  4885 | D:4      | Reached skill level 4 in Dodging
  5274 | D:4      | Learned a level 3 spell: Tukima's Dance
  5308 | D:5      | Entered Level 5 of the Dungeon
  5386 | D:5      | Reached XP level 7. HP: 10/38 MP: 8/11
  6029 | D:5      | Reached skill level 4 in Short Blades
  6029 | D:5      | Reached skill level 7 in Stealth
  6029 | D:5      | Reached skill level 3 in Spellcasting
  6278 | D:5      | Noticed a troll
  6320 | D:5      | Learned a level 3 spell: Dazzling Flash
  6401 | D:4      | Mangled by a troll

Vanquished Creatures
  2 ogres
  A hound (D:4)
  Jessica (D:2)
  A bullfrog skeleton (D:4)
  An iguana (D:4)
  5 orc wizards
  2 worker ants
  3 hound skeletons (D:4)
  4 adders
  3 gnolls
  A shadow imp (D:2)
  An ooze (D:2)
  An adder skeleton (D:4)
  3 worms
  A dart slug (D:3)
  2 leopard geckos
  13 orcs
  4 ball pythons
  9 bats
  6 giant cockroaches
  6 goblins
  4 hobgoblins
  6 jackals (D:2)
  2 quokkas (D:4)
  4 frilled lizards
  2 quokka skeletons (D:4)
  8 rats
96 creatures vanquished.

Vanquished Creatures (others)
  A quokka skeleton (D:4)
1 creature vanquished.

Grand Total: 97 creatures vanquished

Table legend: (Time is in decaauts)
 A = Elapsed time spent in this place.
 B = Non-inter-level travel time spent in this place.
 C = Inter-level travel time spent in this place.
 D = Time resting spent in this place.
 E = Time spent auto-exploring this place.
 F = Levels seen in this place.
 G = Mean time per level.
                   A        B        C        D        E       F      G
               +--------+--------+--------+--------+--------+-----+--------+
         Total |   6393 |   5793 |    600 |   2503 |    824 |   6 | 1065.5 |
       Dungeon |   6346 |   5758 |    588 |   2503 |    796 |   5 | 1269.2 |
        Temple |     46 |     34 |     12 |      0 |     28 |   1 |   46.0 |
               +--------+--------+--------+--------+--------+-----+--------+

Top non-repeatable levels by time:
     D:2: 2053 daAuts
     D:4: 1886 daAuts
     D:3: 1104 daAuts
     D:1: 783 daAuts
     D:5: 520 daAuts
  Temple: 46 daAuts

Table legend:
 A = Non-vault XP
 B = Vault XP
 C = Vault XP percentage of total XP
 D = Non-vault monster count
 E = Vault monster count
 F = Vault count percentage of total count
                 A         B        C        D         E       F
            +---------+---------+-------+---------+---------+-------
      Total |     940 |      37 |   3.8 |      95 |       1 |   1.0
            +---------+---------+-------+---------+---------+-------
        D:1 |      16 |       0 |   0.0 |      10 |       0 |   0.0
        D:2 |     116 |      37 |  24.2 |      35 |       1 |   2.8
        D:3 |      99 |       0 |   0.0 |      22 |       0 |   0.0
        D:4 |     469 |       0 |   0.0 |      23 |       0 |   0.0
        D:5 |     240 |       0 |   0.0 |       5 |       0 |   0.0
            +---------+---------+-------+---------+---------+-------
